 Dungeon Crawl Stone Soup version 0.29.1-12-g30fa7ad0bf (webtiles) character file.

Game seed: 3557380991261902258

420 soggyman666 the Magician (level 7, -1/46 HPs)
             Began as a Djinni Hedge Wizard on Dec 13, 2022.
             Was an Initiate of Makhleb.
             Shot with an arrow by a centaur (3 damage)
             ... on level 4 of the Dungeon.
             The game lasted 00:25:36 (7634 turns).

soggyman666 the Magician (Djinni Hedge Wizard)      Turns: 7634, Time: 00:25:38

Health: -1/46      AC:  3    Str:  9    XL:     7   Next: 16%
Gold:   187        EV: 12    Int: 18    God:    Makhleb [......] SH:  5 Dex: 12

rFire   + + .      SeeInvis .   p - +3 dagger (venom)
rCold   x . .      Faith    .   (no shield)
rNeg    . . .      Spirit   .   b - +0 robe
rPois   ∞          Reflect  +   c - +1 hat
rElec   .          Harm     .   (no cloak)
rCorr   .          Rampage  .   (no gloves)
Will    .....                   (boots unavailable)
Stlth   ++........              d - amulet of reflection
HPRegen 0.15/turn               (no ring)
MPRegen 0.00/turn               (no ring)

@: flying
A: sickness immunity, fire resistance 2, cold vulnerability 1, float, innate
caster, HP casting, extra vitality 1
a: Renounce Religion


You were on level 4 of the Dungeon.
You worshipped Makhleb.
Makhleb was noncommittal.
You visited 2 branches of the dungeon, and saw 5 of its levels.

You collected 187 gold pieces.

Inventory:

Hand Weapons
 i - a +2 dagger of protection
 p - a +3 dagger of venom (weapon)
Armour
 b - a +0 robe (worn)
 c - a +1 hat (worn)
Jewellery
 d - an amulet of reflection (around neck)
Scrolls
 a - 3 scrolls of teleportation {unknown}
 e - 3 scrolls of fear
 h - 2 scrolls of immolation {unknown}
 k - a scroll of torment {unknown}
Potions
 f - 2 potions of brilliance
 g - a potion of mutation {unknown}
 j - 2 potions of flight {unknown}
 l - a potion of curing {unknown}
 m - a potion of ambrosia {unknown}
 n - a potion of invisibility {unknown}
 o - a potion of cancellation {unknown}


   Skills:
 + Level 0.5 Fighting
 + Level 0.8 Short Blades
 + Level 2.9 Dodging
 + Level 2.2 Stealth
 + Level 0.5 Shields
 + Level 5.2 Spellcasting


You couldn't memorise any spells.
You knew the following spells:

 Your Spells              Type           Power      Damage    Failure   Level
a - Magic Dart            Conj           92%        1d7       1%          1
b - Blink                 Tloc           46%        N/A       2%          2
c - Call Imp              Summ           23%        N/A       2%          2
d - Slow                  Hex            92%        N/A       1%          1
e - Conjure Flame         Conj/Fire      23%        6-21      4%          3
f - Mephitic Cloud        Conj/Pois/Air  23%        N/A       4%          3
g - Sting                 Tmut/Pois      92%        1d7       1%          1
h - Poisonous Vapours     Pois/Air       46%        N/A       2%          2
i - Summon Guardian Gole  Hex/Summ       23%        N/A       4%          3
Your spell library was empty.

Dungeon Overview and Level Annotations

Branches:
Dungeon (4/15)             Temple (1/1) D:4

Altars:
Ashenzari
Cheibriados
Dithmenos
Elyvilon
Fedhas
Gozag
Hepliaklqana
Makhleb
Trog
Wu Jian
Xom
Yredelemnul
Zin
The Shining One

Shops:
D:3 :


Innate Abilities, Weirdness & Mutations

You are immune to sickness and miasma.
You are immune to poison.
Your flesh is very heat resistant. (rF++)
You are vulnerable to cold. (rC-)
You float through the air rather than walking.
You learn spells naturally, not from books.
Your magical power is your life essence.
You have superior vitality. (+4 MHP)


Message History

The scorpion stings you.
The giant cockroach bites you but does no damage.
Casting: Mephitic Cloud (dangerous; 4% risk of failure)
Confirm with . or Enter, or press ? or * to list all spells.
You blink.
The scorpion is engulfed in noxious fumes.
The scorpion appears confused.
Casting: Blink (safe; 2% risk of failure)
Confirm with . or Enter, or press ? or * to list all spells.
Aiming: Poisonous Vapours (safe; 2% risk of failure)
Press: ? - help, Dir - move target, f/p - scorpion
Aim: a scorpion (almost dead, confused, very poisoned) Poisonous vapours surround the scorpion!
The scorpion looks even sicker.
You kill the scorpion!
Makhleb accepts your kill.
The orc priest is engulfed in noxious fumes.
The orc priest calls down the wrath of Beogh upon you.
Beogh smites you!
Unknown command.
The giant cockroach bites you but does no damage.
Casting: Poisonous Vapours (safe; 2% risk of failure)
Confirm with . or Enter, or press ? or * to list all spells.
You are still too unstable to blink.
The giant cockroach attacks as you move away!
The giant cockroach bites you but does no damage.
You feel stable enough to blink again. You block the giant cockroach's attack.
The giant cockroach barely misses you.
Unknown command.
The centaur shoots an arrow.
The arrow barely misses you. The bullfrog zombie closely misses you.
A hound zombie comes into view.
The centaur shoots an arrow.
The arrow hits you. The arrow freezes you.
* * * LOW HITPOINT WARNING * * *
The orc wizard points at you and mumbles some strange words.
The puff of flame misses you. The bullfrog zombie closely misses you.
The centaur shoots an arrow.
The arrow hits you!
* * * LOW HITPOINT WARNING * * *
The arrow freezes you.
You die...

.......P....##.##..
....###.#..##...##.#..#
!...#.. ...#.. #.#.#...
.......##.o.. .......
#........c.#.##..#..#
#..........##...##..##
.......!....##.##....##
............Zo........#
#........Z.@..#........
##...........B.....###.
#.........b...........
...........o.>.........
.........##....##......
.#....##.##...Z........
#.... ..##....##...#..
.. ..##.# ...... ...
### ....


You could see a centaur, 2 orc priests, an orc wizard, a hound zombie
(wandering), a bullfrog zombie, a giant cockroach and an adder skeleton.

Vanquished Creatures
  A centaur (D:4)
  A scorpion (D:4)
  Crazy Yiuf (D:2)
  Jessica (D:2)
  Natasha (twice) (D:2)
  An iguana (D:3)
  2 gnolls (D:2)
  An adder (D:2)
  3 worms
  3 dart slugs
  10 orcs
  2 bat zombies (D:3)
  An endoplasm (D:1)
  A giant cockroach (D:2)
  8 goblins
  9 hobgoblins
  6 kobolds
  2 quokkas
  3 ball pythons
  7 bats
  2 frilled lizards (D:1)
  4 rats
  A rat zombie (D:3)
72 creatures vanquished.

Vanquished Creatures (collateral kills)
  Natasha (D:2)
  A gnoll (D:2)
  A bat (D:2)
  A bat zombie (D:3)
4 creatures vanquished.

Vanquished Creatures (others)
  22 plants (D:2)
22 creatures vanquished.

Grand Total: 98 creatures vanquished

Notes
Turn   | Place    | Note
-------+----------+-------------------------------------------
     0 | D:1      | soggyman666 the Djinni Hedge Wizard began the quest for the
                  | Orb.
     0 | D:1      | soggyman666 set off with the following spells memorised:
                  | Magic Dart, Blink, Call Imp, Slow, Conjure Flame, Mephitic
                  | Cloud.
     0 | D:1      | Reached XP level 1. HP: 15/15 MP: 0/0
   717 | D:1      | Reached XP level 2. HP: 20/21 MP: 0/0
   794 | D:1      | Found a faded altar of an unknown god.
  1179 | D:1      | Reached skill level 3 in Spellcasting
  1505 | D:1      | Reached XP level 3. HP: 23/25 MP: 0/0
  1505 | D:1      | Learned a level 1 spell: Sting
  2012 | D:2      | Noticed Jessica
  2284 | D:2      | Killed Jessica
  2285 | D:2      | Reached XP level 4. HP: 11/31 MP: 0/0
  3161 | D:2      | Found a runed translucent door.
  3162 | D:2      | Noticed Crazy Yiuf
  3315 | D:2      | Reached XP level 5. HP: 13/35 MP: 0/0
  3315 | D:2      | Learned a level 2 spell: Poisonous Vapours
  3690 | D:2      | Noticed Natasha
  3697 | D:2      | Killed Natasha
  3715 | D:2      | Noticed Natasha
  3722 | D:2      | Killed Natasha
  3723 | D:2      | Reached skill level 4 in Spellcasting
  4098 | D:2      | Killed Crazy Yiuf
  4432 | D:2      | Noticed Natasha
  4442 | D:2      | Killed Natasha
  4443 | D:2      | Reached XP level 6. HP: 21/41 MP: 0/0
  5516 | D:3      | Identified the +1 sling of Breach {venom, Str+2}
  5698 | D:3      | Found Ysachim's Book Shop.
  6524 | D:3      | Reached skill level 5 in Spellcasting
  6829 | D:4      | Found a staircase to the Ecumenical Temple.
  6834 | Temple   | Entered the Ecumenical Temple
  6863 | Temple   | Became a worshipper of Makhleb the Destroyer
  7622 | D:3      | Reached XP level 7. HP: 44/46 MP: 0/0
  7622 | D:3      | Learned a level 3 spell: Summon Guardian Golem
  7634 | D:4      | HP: 2/46 [centaur/arrow (8)]
  7634 | D:4      | Shot with an arrow by a centaur

Illustrated notes

Levels and vault maps discovered:
D:1:      dpeg_arrival_oval, layout_basic, hellmonk_ecumenical_altar_run_dry
D:2:      layout_loops_ring, serial_bayou, serial_bayou_pond_d,
          serial_bayou_pond_c, serial_bayou_ford_a, serial_bayou_shore_b,
          supply_closet_lemuel, uniq_natasha, uniq_crazy_yiuf_cottage,
          uniq_jessica
D:3:      layout_basic, lemuel_zombie_altar_kikubaaqudgha, serial_shops, shop
D:4:      layout_cave_pools, minmay_temple_entry_butterflies, serial_undead,
          serial_undead_d, serial_undead_b, serial_undead_a, serial_undead_c,
          serial_undead_a, serial_undead_e, serial_undead_c,
          minmay_stone_trees_medium, minmay_manual_mares
Temple:   minmay_temple_bridge_d

Skill      XL: |  1  2  3  4  5  6 |
---------------+-------------------+-----
Spellcasting   | 3 4 5 |  5.2
Stealth        | 2 |  2.2
Fighting       | |  0.5
Short Blades   | |  0.8
Dodging        | |  2.9
Shields        | |  0.5

Action                   |  1- 3 |  4- 6 |  7- 9 || total
-------------------------+-------+-------+-------++-------
Melee: Dagger            |    31 |    36 |       ||    67
 Cast: Magic Dart        |    51 |    38 |       ||    89
       Slow              |     4 |    11 |       ||    15
       Blink             |     1 |    11 |     1 ||    13
       Mephitic Cloud    |     1 |     4 |     2 ||     7
       Sting             |       |    34 |       ||    34
       Call Imp          |       |     9 |       ||     9
       Conjure Flame     |       |     7 |       ||     7
       Poisonous Vapours |       |    62 |     2 ||    64
  Use: Scroll            |     5 |       |       ||     5
Armor: Robe              |     7 |    14 |     3 ||    24
Dodge: Dodged            |    29 |    43 |     5 ||    77
Block: Other             |       |    28 |     1 ||    29
       Reflection        |       |     3 |       ||     3
